 Dungeon Crawl Stone Soup version 0.27.0-65-ge2af304b15 (webtiles) character file.

Game seed: 7959135057931474585

11677 canonizer the Blocker (level 11, -2/69 HPs)
             Began as a Gargoyle Berserker on Aug 18, 2021.
             Was a High Priest of Trog.
             Killed by divine providence
             ... invoked by an orc priest
              (12 damage)
             ... on level 1 of the Orcish Mines.
             The game lasted 00:16:36 (11946 turns).

canonizer the Blocker (Gargoyle Berserker)         Turns: 11946, Time: 00:16:37

Health: -2/69      AC: 25    Str: 23    XL:     11   Next: 81%
Magic:  11/11      EV:  5    Int:  9    God:    Trog [*****.]
Gold:   572        SH: 23    Dex:  9    Spells: 10/10 levels left

rFire    + . .     SeeInvis .   a - +1 hand axe (freeze)
rCold    + . .     Faith    .   m - +0 tower shield {rC+ rF+}
rNeg     + . .     Spirit   .   p - +0 plate armour
rPois    ∞         Reflect  +   n - +0 helmet
rElec    +         Harm     .   z - +0 cloak
rCorr    .         Rampage  .   t - +0 pair of gloves
Will     ++...                  (no boots)
Stlth    ..........             f - amulet of reflection
HPRegen  1.21/turn              (no ring)
MPRegen  0.12/turn              (no ring)

@: strong-willed (expiring), on berserk cooldown, regenerating (expiring),
slowed, very slow
A: sickness immunity, AC +8, negative energy resistance 1, electricity
resistance, torment resistance 1, petrification resistance
a: Renounce Religion, Berserk, Trog's Hand, Brothers in Arms


You were on level 1 of the Orcish Mines.
You worshipped Trog.
Trog was extremely pleased with you.
You visited 2 branches of the dungeon, and saw 11 of its levels.
You also visited: Sewer.

You collected 782 gold pieces.
You spent 210 gold pieces at shops.

Inventory:

Hand Weapons
 a - a +1 hand axe of freezing (weapon)
Armour
 m - a +0 tower shield of resistance (worn)
 n - a +0 helmet (worn)
 p - a +0 plate armour (worn)
 t - a +0 pair of gloves (worn)
 y - a scarf of invisibility
 z - a +0 cloak (worn)
Jewellery
 f - an amulet of reflection (around neck)
 w - a ring of protection from fire
 A - an amulet of magic regeneration
Wands
 j - a wand of flame (19)
 x - a wand of paralysis (7)
Scrolls
 b - a scroll of blinking
 c - a scroll of fog
 d - 4 scrolls of fear
 e - 8 scrolls of identify
 v - a scroll of summoning
 B - a scroll of teleportation
 E - a scroll of amnesia {unknown}
 F - a scroll of magic mapping
Potions
 g - a potion of mutation {unknown}
 h - 2 potions of cancellation {unknown}
 i - a potion of resistance {unknown}
 k - 3 potions of curing {unknown}
 l - 5 potions of brilliance {unknown}
 o - a potion of attraction {unknown}
 q - a potion of lignification {unknown}
 r - 3 potions of heal wounds
 s - 2 potions of degeneration {unknown}
 u - 2 potions of might {unknown}
 C - a potion of ambrosia {unknown}
 D - 2 potions of flight {unknown}


   Skills:
 + Level 8.5 Fighting
 + Level 10.5 Axes
 + Level 7.6 Armour
 + Level 2.6 Dodging
 + Level 2.5 Stealth
 + Level 11.3 Shields


You had 10 spell levels left.
You didn't know any spells.
Your spell library was empty.

Dungeon Overview and Level Annotations

Branches:
Dungeon (10/15)            Temple (0/1) D:5            Lair (0/6) D:10
    Orc (1/2) D:10          Sewer (visited)

Altars:
Gozag
Wu Jian
Xom
Yredelemnul

Shops:
D:1 [   D:8 ?   Orc:1 *

Annotations:
Orc:1 Erolcha


Innate Abilities, Weirdness & Mutations

You are immune to sickness and miasma.
Your stone body is resilient. (AC +8)
You are immune to poison.
You resist negative energy. (rN+)
You are resistant to electric shocks. (rElec)
You are resistant to unholy torment.
You are immune to petrification.


Message History

You block the orc warrior's attack.
You slash the orc priest! You freeze the orc priest.
The orc priest is almost dead.
You hit the orc warrior but do no damage.
You block the orc warrior's attack. You block the orc priest's attack.
The orc warrior hits you with a +0 dire flail.
* * * LOW HITPOINT WARNING * * *
Unknown command.
You block the orc priest's attack.
Found 14 gold pieces.
Unknown command.
The orc priest calls upon Beogh to heal the orc warrior.
The orc warrior's wounds heal themselves!
You block the orc warrior's attack. You block the orc priest's attack.
Found an escape hatch in the floor.
Erolcha appears from thin air!
Reactivating autopickup.
You block the orc warrior's attack.
You fail to use your ability.
The orc priest calls down the wrath of Beogh upon you.
Beogh smites you!
* * * LOW HITPOINT WARNING * * *
You block the orc warrior's attack. You block the orc priest's attack.
The orc priest hits you but does no damage.
You block Erolcha's attack.
Unknown command.
You feel the effects of Trog's Hand fading.
The orc priest looks encouraged for a moment.
You block the orc priest's attack.
You hit Erolcha but do no damage.
Erolcha is severely wounded.
You hit the orc priest but do no damage.
Your shield and plate armour prevent you from hitting the orc warrior.
You barely miss the orc priest. You block Erolcha's attack.
The orc priest invokes the aid of Beogh against you.
Beogh smites you!
* * * LOW HITPOINT WARNING * * *
The orc priest invokes the aid of Beogh against you.
Beogh smites you!
You die...

...........§§§............#
.#.........§§§§..........##
..##.#...§§§§§§.........##
.#
##..$.§§§......#.....#####
#.......§§§.....#.....##.##
#...............##.#).#...#
#..∩$........o..#..)...#.##
$..........Oo......#.##.##
........#.o@o......##...#
........#......#.#.##..##
.......................#
$....................##
..>.................##
.##..#.##........#...# #
............##.##...#.##
...........#.####......#
#....##....#.#.....##


You could see Erolcha, an orc warrior and 3 orc priests.

Vanquished Creatures
  Josephine (D:10)
  An orc sorcerer (Orc:1)
  A gargoyle (D:10)
  6 trolls
  2 hornets
  A wyvern (D:9)
  4 wraiths
  10 yaks (D:9)
  A steam dragon (D:9)
  A basilisk (D:9)
  3 vampire mosquitoes (D:10)
  5 wargs
  3 water moccasins
  Purgy (Sewer)
  7 orc warriors
  3 black bears
  3 ogres
  5 ice beasts
  A sky beast (D:6)
  A necrophage (D:5)
  3 centaurs
  2 phantoms (D:7)
  A kobold brigand (D:6)
  A gnoll sergeant (D:9)
  3 bullfrogs
  A wyvern zombie (D:9)
  6 wights (D:9)
  3 howler monkeys
  3 centaur zombies
  13 orc priests
  A hound (D:4)
  2 bullfrog skeletons (D:6)
  A jelly (D:6)
  A centaur skeleton (D:6)
  Natasha (thrice) (D:3)
  2 iguanas (D:5)
  13 orc wizards
  A killer bee zombie (D:3)
  A hound skeleton (D:4)
  2 howler monkey zombies
  Robin (D:2)
  7 adders
  12 gnolls
  A shadow imp (D:6)
  A white imp (D:7)
  2 ufetubi
  An adder zombie (D:5)
  A worm (D:2)
  5 dart slugs
  47 orcs
  7 endoplasms
  7 giant cockroaches
  17 goblins
  4 hobgoblins
  2 jackals (D:1)
  12 kobolds
  4 quokkas
  6 ball pythons
  A bat (D:1)
  9 frilled lizards
  6 rats
276 creatures vanquished.

Notes
Turn   | Place    | Note
-------+----------+-------------------------------------------
     0 | D:1      | canonizer the Gargoyle Berserker began the quest for the
                  | Orb.
     0 | D:1      | Reached XP level 1. HP: 14/14 MP: 1/1
   192 | D:1      | Reached XP level 2. HP: 13/19 MP: 2/2
   444 | D:1      | Found a faded altar of an unknown god.
   512 | D:1      | Reached XP level 3. HP: 5/24 MP: 3/3
  1189 | D:1      | Found Otregram's Antique Armour Shop.
  1729 | D:2      | Reached ** piety under Trog
  1746 | D:2      | Noticed Robin
  1760 | D:2      | Reached XP level 4. HP: 19/29 MP: 4/4
  1764 | D:2      | Killed Robin
  2016 | D:3      | Noticed Natasha
  2024 | D:3      | Killed Natasha
  2089 | D:3      | Reached XP level 5. HP: 27/33 MP: 5/5
  2270 | D:3      | Reached skill level 1 in Shields
  2334 | D:3      | Noticed Natasha
  2342 | D:3      | Killed Natasha
  2465 | D:3      | Reached XP level 6. HP: 36/39 MP: 6/6
  2718 | D:3      | Noticed Natasha
  2725 | D:3      | Killed Natasha
  2854 | D:4      | Noticed an orc warrior
  2863 | D:4      | Reached *** piety under Trog
  2864 | D:4      | Reached skill level 5 in Axes
  2864 | D:4      | Reached skill level 1 in Stealth
  2869 | D:4      | Killed an orc warrior
  2870 | D:4      | Reached XP level 7. HP: 9/44 MP: 7/7
  3804 | D:4      | Reached skill level 5 in Fighting
  3804 | D:4      | Reached skill level 2 in Shields
  4046 | D:5      | Entered Level 5 of the Dungeon
  4147 | D:5      | Found a glowing drain.
  4165 | Sewer    | Entered a sewer
  4216 | Sewer    | Noticed Purgy
  4230 | Sewer    | Killed Purgy
  4426 | D:5      | Reached XP level 8. HP: 49/49 MP: 8/8
  4428 | D:5      | Reached **** piety under Trog
  4585 | D:5      | Found a staircase to the Ecumenical Temple.
  5220 | D:1      | Bought a shiny tower shield for 210 gold pieces
  5484 | D:5      | Reached skill level 3 in Shields
  5697 | D:6      | Reached skill level 5 in Armour
  5780 | D:6      | Noticed a troll
  5790 | D:6      | Killed a troll
  5791 | D:6      | Reached skill level 4 in Shields
  5791 | D:6      | Reached XP level 9. HP: 27/55 MP: 9/9
  6399 | D:6      | Reached skill level 5 in Shields
  7044 | D:7      | Reached skill level 6 in Shields
  7888 | D:8      | Noticed a hornet
  7907 | D:8      | Killed a hornet
  7908 | D:8      | Reached XP level 10. HP: 48/61 MP: 10/10
  7918 | D:8      | Reached skill level 7 in Shields
  8491 | D:8      | Found Rymowi's Magic Scroll Boutique.
  9040 | D:9      | Reached skill level 8 in Shields
  9183 | D:9      | Reached ***** piety under Trog
  9295 | D:9      | Reached skill level 9 in Shields
  9354 | D:9      | Reached skill level 10 in Axes
  9354 | D:9      | Reached XP level 11. HP: 27/68 MP: 11/11
  9667 | D:9      | Found a shimmering altar of Xom.
  9669 | D:9      | Found an opulent altar of Gozag.
  9669 | D:9      | Found a basalt altar of Yredelemnul.
  9671 | D:9      | Found a shimmering altar of Xom.
  9671 | D:9      | Found an ornate altar of the Wu Jian Council.
  9671 | D:9      | Found an opulent altar of Gozag.
  9880 | D:10     | Entered Level 10 of the Dungeon
  9889 | D:10     | Found a staircase to the Orcish Mines.
  9961 | D:10     | Reached skill level 10 in Shields
  9998 | D:10     | Found a staircase to the Lair.
 10668 | Orc:1    | Entered Level 1 of the Orcish Mines
 10956 | Orc:1    | Noticed Josephine
 10983 | D:10     | Killed Josephine
 11339 | D:10     | Reached skill level 11 in Shields
 11828 | Orc:1    | Noticed an orc sorcerer
 11835 | Orc:1    | Paralysed by an orc sorcerer for 7 turns
 11848 | Orc:1    | Killed an orc sorcerer
 11897 | Orc:1    | Noticed Erolcha
 11933 | Orc:1    | Found Xateef's Mass Market.
 11946 | Orc:1    | Killed from afar by an orc priest

Illustrated notes

Levels and vault maps discovered:
D:1:      psy_arrival_spokes, layout_rooms, ebering_ecumenical_altar_webs,
          serial_shops, nicolae_lakefront_shop, chequers_serial_rivers_micro_a
D:2:      layout_rooms, uniq_robin
D:3:      layout_basic, uniq_natasha
D:4:      layout_loops_cross, guppyfry_early_orc_mine
D:5:      layout_gridville, minmay_temple_entry_large_hall,
          portal_sewer_entry_f, amethyst_killhole
D:6:      minmay_evil_eye, layout_basic, st_stairs_5, hex_medium,
          chequers_serial_rivers_micro_d
D:7:      layout_cave_pools, minmay_misc_feat_four_crosses, eino_tiny_chamber,
          minmay_misc_feat_chi
D:8:      layout_loops_ring, serial_shops, nicolae_lakefront_shop
D:9:      layout_roguey, doesnt_xom_only_xom, minmay_pinched_square
D:10:     layout_cave_pods, erik_lair_orcish_takeover, orc_0_dummy,
          kennysheep_generic_room_10
Orc:1:    layout_caves, minmay_shop_mass, library_closet, uniq_erolcha,
          uniq_josephine

Skill      XL: |  1  2  3  4  5  6  7  8  9 10 11 |
---------------+----------------------------------+-----
Axes           | 3 4 5 6 7 8 10 | 10.5
Fighting       | 4 5 6 7 8 |  8.5
Dodging        | 2 |  2.6
Shields        | 1 2 4 6 9 11 | 11.3
Stealth        | 1 2 |  2.5
Armour         | 3 4 5 6 7 |  7.6

Action                   |  1- 3 |  4- 6 |  7- 9 | 10-12 || total
-------------------------+-------+-------+-------+-------++-------
Melee: Hand axe          |   101 |   102 |   436 |   493 ||  1132
Invok: Berserk           |     4 |     5 |    10 |    18 ||    37
       Trog's Hand       |       |     2 |       |     4 ||     6
  Use: Scroll            |       |       |    12 |     1 ||    13
Armor: Animal skin       |    33 |       |       |       ||    33
       Chain mail        |    15 |    52 |       |       ||    67
       Plate armour      |       |     8 |   241 |   233 ||   482
Dodge: Dodged            |    80 |    34 |    62 |    44 ||   220
Block: Other             |     8 |    27 |    39 |       ||    74
       Reflection        |     1 |       |     5 |     9 ||    15
       Tower shield      |       |       |   294 |   611 ||   905
